 Dungeon Crawl Stone Soup version 0.18.1-50-g88ac8fd (webtiles) character file.

9320 lorenzova the Eclecticist (level 11, -7/54 HPs)
             Began as a Deep Elf Conjurer on Oct 23, 2016.
             Was a Believer of Sif Muna.
             Mangled by Psyche
             ... wielding a +1 dagger of chaos
              (23 damage)
             ... on level 10 of the Dungeon.
             The game lasted 00:38:31 (14507 turns).

lorenzova the Eclecticist (Deep Elf Conjurer)      Turns: 14507, Time: 00:38:33

Health: -7/54      AC: 12    Str:  5    XL:     11   Next: 21%
Magic:  41/41      EV: 11    Int: 31    God:    Sif Muna [**....]
Gold:   431        SH:  6    Dex: 13    Spells: 3 memorised, 30 levels left

rFire  . . .     SeeInvis .     O - +1 dagger (venom)
rCold  . . .     Gourm    .     Q - +3 leather armour of the Tortoise {+Fly rElec Int+7 Dex-2}
rNeg   . . .     Faith    .     H - +0 buckler
rPois  .         Spirit   .     (no helmet)
rElec  +         Dismiss  .     (no cloak)
rCorr  .         Reflect  +     (no gloves)
SustAt .         Harm     .     x - +0 pair of boots
MR     +....                    f - +2 amulet of reflection
Stlth  ++........               E - ring of magical power
                                n - +4 ring of protection

@: lethally poisoned (-7 -> -9), about to teleport, somewhat resistant to
hostile enchantments, unstealthy
A: molten scales 1
a: Channel Energy, Renounce Religion, Evoke Flight


You were on level 10 of the Dungeon.
You worshipped Sif Muna.
Sif Muna was pleased with you.
You were not hungry.

You visited 2 branches of the dungeon, and saw 11 of its levels.
You also visited: Sewer and Ossuary.

You collected 431 gold pieces.

Inventory:

Hand Weapons
 O - a +1 dagger of venom (weapon)
Armour
 x - a +0 pair of boots (worn)
 H - a +0 buckler (worn)
 Q - the +3 leather armour of the Tortoise (worn) {+Fly rElec Int+7 Dex-2}
   (You found it on level 8 of the Dungeon)

   It affects your intelligence (+7).
   It affects your dexterity (-2).
   It insulates you from electricity.
   It lets you fly.
Jewellery
 f - a +2 amulet of reflection (around neck)
 i - an uncursed ring of sustain attributes
 n - a +4 ring of protection (left hand)
 p - a +3 ring of dexterity
 C - an uncursed ring of protection from fire
 E - a ring of magical power (right hand)
 J - a +3 ring of evasion
Wands
 z - a wand of slowing (10/48)
 K - a wand of iceblast (7/15)
 P - a wand of iceblast (5/15)
Scrolls
 g - a scroll of magic mapping {unknown}
 h - 2 scrolls of fog {unknown}
 l - a scroll of amnesia {unknown}
 m - 6 scrolls of random uselessness
 r - a scroll of enchant weapon {unknown}
 s - a scroll of acquirement {unknown}
 v - 6 scrolls of teleportation
 y - 5 scrolls of remove curse
 B - a scroll of blinking {unknown}
 D - 4 scrolls of noise {unknown}
 I - a scroll of enchant armour {unknown}
 M - a scroll of fear
 N - 4 scrolls of immolation
 T - 2 scrolls of recharging {unknown}
Potions
 e - 3 potions of might
 j - 6 potions of flight
 q - 2 potions of heal wounds
 t - 3 potions of haste
 u - 2 potions of magic
 w - 3 potions of brilliance
 A - 5 potions of degeneration {unknown}
 F - 6 potions of mutation {unknown}
 G - 11 potions of curing {unknown}
 L - a potion of agility {unknown}
 R - a potion of ambrosia
 S - 4 potions of lignification {unknown}
Books
 b - a book of Conjurations

   Spells                             Type                      Level
   a - Magic Dart                     Conjuration                  1
   b - Searing Ray                    Conjuration                  2
   c - Dazzling Spray                 Conjuration/Hexes            3
   d - Fulminant Prism                Conjuration/Hexes            4
   e - Iskenderun's Mystic Blast      Conjuration                  4
   f - Iskenderun's Battlesphere      Conjuration/Charms           5
 o - a book of Beasts

   Spells                             Type                      Level
   a - Summon Butterflies             Summoning                    1
   b - Call Canine Familiar           Summoning                    3
   c - Summon Ice Beast               Ice/Summoning                4
   d - Summon Mana Viper              Hexes/Summoning              5
   e - Summon Hydra                   Summoning                    7
 U - a book of Battle

   Spells                             Type                      Level
   a - Infusion                       Charms                       1
   b - Shroud of Golubria             Charms/Translocation         2
   c - Song of Slaying                Charms                       2
   d - Spectral Weapon                Hexes/Charms                 3
   e - Regeneration                   Charms/Necromancy            3
 V - a book of Callings

   Spells                             Type                      Level
   a - Summon Small Mammal            Summoning                    1
   b - Call Imp                       Summoning                    2
   c - Call Canine Familiar           Summoning                    3
   d - Summon Guardian Golem          Hexes/Summoning              3
   e - Summon Lightning Spire         Summoning/Air                4
   f - Summon Ice Beast               Ice/Summoning                4
Comestibles
 a - a beef jerky
 c - 3 bread rations
 d - 3 chunks of flesh
 k - 7 meat rations
 W - 17 fruits
 X - 6 slices of pizza


   Skills:
 * Level 2.9 Armour
 - Level 2.4 Dodging
 - Level 2.4 Stealth
 * Level 1.3 Shields
 + Level 15.0 Spellcasting
 + Level 13.4 Conjurations
 + Level 1.7 Charms


You had 30 spell levels left.
You knew the following spells:

 Your Spells              Type           Power        Failure   Level  Hunger
a - Magic Dart            Conj           ####         1%          1    None
b - Iskenderun's Battles  Conj/Chrm      ######..     8%          5    None
c - Iskenderun's Mystic   Conj           #######.     1%          4    None


Dungeon Overview and Level Annotations

Branches:
Dungeon (10/15)            Temple (1/1) D:5
   Lair: D:8-11         Orc: D:9-12

Altars:
Ashenzari
Cheibriados
Dithmenos
Elyvilon
Fedhas
Gozag
Kikubaaqudgha
Makhleb
Nemelex Xobeh
Okawaru
Pakellas
Qazlal
Ru
Sif Muna
Trog
Vehumet
Xom
Yredelemnul
Zin
The Shining One

Annotations:
D:10 Psyche


Innate Abilities, Weirdness & Mutations

You are partially covered in molten scales (AC +1).


Message History

You feel sick.
You hear some strange, mumbled words.
A puff of flame appears from out of thin air!
The puff of flame hits you!
You feel sick.
You feel sick.
You feel sick.
You hear some strange, mumbled words.
A puff of flame appears from out of thin air!
The puff of flame misses you.
You feel sick.
Read which item? (? for menu, Esc to quit)
As you read the scroll of teleportation, it crumbles to dust.
You feel strangely unstable.
You hear some strange, mumbled words.
A puff of frost appears from out of thin air!
The puff of frost hits you! Something hits you.
* * * LOW HITPOINT WARNING * * *
Space warps horribly around you!
You die...

.........<..#....##.##......#
.###.....##.####.##§##.######
# .# #.##.###.####.##.##.# #
.# #.##.(........>..##.# # #
#####.####.#####.# # #.# #.#
#.# # #.# #.# #.# # #.# #.#
#.# # #.# #@# #.# # #.# #.#
#.# # #.# #C# #.##########
#.# #.# #.....).()†. #.# #l#
############ #.####o# #.. .
#..C...# #.# # #.l##### #.#
#..# #.#


You could see a hill giant, an iguana and an orc wizard.

Vanquished Creatures
  A hydra (D:8)
  Nergalle (D:10)
  The ghost of p0werm0de the Cleaver, a novice DsCK of Makhleb (D:7)
  Pikel (D:7)
  A hill giant (D:10)
  3 slime creatures (D:9)
  Joseph (D:7)
  A troll (D:9)
  A two-headed ogre (D:9)
  2 wyverns (D:9)
  2 yaks (D:8)
  A water moccasin (D:9)
  2 orc warriors
  2 ice beasts
  A slave (D:6)
  2 black bears
  3 sky beasts
  A phantom (D:6)
  5 ogres
  4 centaurs
  4 big kobolds
  6 giant frogs
  A gnoll sergeant (D:8)
  A water moccasin zombie (D:5)
  6 killer bees (D:7)
  5 centaur zombies
  A howler monkey (D:10)
  5 crimson imps
  A lava snake (D:10)
  2 giant frog zombies (D:7)
  An orc priest (D:8)
  A human zombie (Ossuary)
  7 hounds
  A centaur skeleton (D:8)
  A giant frog skeleton (D:9)
  2 jellies
  2 orc wizards (D:9)
  3 iguanas
  5 worker ants
  2 sheep (D:8)
  A big kobold zombie (Ossuary)
  5 mummies
  3 worker ant zombies
  12 gnolls
  13 adders
  5 shadow imps
  An ooze (D:2)
  An adder skeleton (D:5)
  3 worms
  3 dart slugs
  6 giant geckos
  20 orcs
  6 ball pythons
  8 giant cockroaches
  A gnoll zombie (Ossuary)
  9 goblins
  7 hobgoblins
  12 jackals
  6 quokkas
  7 bats
  A giant gecko skeleton (D:4)
  7 giant newts
  A goblin zombie (Ossuary)
  2 hobgoblin zombies (D:8)
  18 kobolds
  An orc zombie (Ossuary)
  A quokka skeleton (D:9)
  4 rats
  3 plants (Sewer)
260 creatures vanquished.

Vanquished Creatures (others)
  3 slaves (D:7)
  A killer bee (D:7)
  A bat (D:1)
  A plant (Sewer)
6 creatures vanquished.

Grand Total: 266 creatures vanquished

Notes
Turn   | Place    | Note
--------------------------------------------------------------
     0 | D:1      | lorenzova the Deep Elf Conjurer began the quest for the Orb.
     0 | D:1      | Reached XP level 1. HP: 10/10 MP: 6/6
   198 | D:1      | Reached XP level 2. HP: 8/15 MP: 2/8
   570 | D:1      | Found a sparkling altar of Nemelex Xobeh.
   935 | D:1      | Reached skill level 5 in Conjurations
  1281 | D:2      | Found a blossoming altar of Fedhas.
  1359 | D:2      | Reached XP level 3. HP: 19/19 MP: 8/10
  1376 | D:2      | Reached skill level 4 in Spellcasting
  1856 | D:2      | Found a glowing silver altar of Zin.
  1858 | D:2      | Found an opulent altar of Gozag.
  2194 | D:3      | Reached XP level 4. HP: 24/24 MP: 12/12
  2208 | D:3      | Learned a level 4 spell: Iskenderun's Mystic Blast
  2345 | D:3      | Found a glowing drain.
  2353 | Sewer    | Entered a sewer
  2714 | Sewer    | Reached skill level 5 in Spellcasting
  3747 | D:3      | Reached XP level 5. HP: 28/28 MP: 12/14
  3955 | D:4      | Found a burning altar of Makhleb.
  3992 | D:4      | Found a snail-covered altar of Cheibriados.
  4125 | D:4      | Found a shattered altar of Ashenzari.
  4392 | D:4      | Found a basalt altar of Yredelemnul.
  4596 | D:4      | Reached skill level 6 in Spellcasting
  4830 | D:5      | Entered Level 5 of the Dungeon
  4997 | D:5      | Found a staircase to the Ecumenical Temple.
  5060 | Temple   | Entered the Ecumenical Temple
  5126 | D:5      | Reached XP level 6. HP: 32/32 MP: 15/17
  5608 | D:5      | Reached skill level 7 in Spellcasting
  5857 | D:5      | Reached XP level 7. HP: 36/36 MP: 10/19
  6221 | D:6      | Found a shadowy altar of Dithmenos.
  6237 | D:6      | Reached skill level 8 in Spellcasting
  7000 | D:6      | Reached skill level 9 in Spellcasting
  7094 | D:6      | Found a bloodstained altar of Trog.
  7100 | D:6      | Reached XP level 8. HP: 37/41 MP: 23/23
  7827 | D:7      | Noticed p0werm0de's ghost (novice DsCK)
  7828 | D:7      | Noticed Pikel
  7950 | D:7      | Reached skill level 10 in Spellcasting
  8970 | D:7      | Killed Pikel
  8970 | D:7      | Reached skill level 11 in Spellcasting
  8970 | D:7      | Reached skill level 10 in Conjurations
  8970 | D:7      | Reached XP level 9. HP: 45/45 MP: 23/26
  9048 | D:7      | Killed p0werm0de's ghost
  9048 | D:7      | Reached skill level 12 in Spellcasting
  9269 | D:7      | Noticed Joseph
  9274 | D:7      | Killed Joseph
  9938 | D:7      | Found a shimmering altar of Xom.
 10168 | D:8      | Learned a level 5 spell: Iskenderun's Battlesphere
 10279 | D:8      | Got a jewelled leather armour
 10290 | D:8      | Identified the +3 leather armour of the Tortoise {+Fly rElec Int+7 Dex-2} (You found it on level 8 of the Dungeon)
 10433 | D:8      | Found a bloodstained altar of Trog.
 10581 | D:8      | Reached skill level 13 in Spellcasting
 10633 | D:8      | Found a sand-covered staircase.
 10768 | Ossuary  | Entered an ossuary
 10786 | Ossuary  | Reached XP level 10. HP: 50/50 MP: 26/29
 11367 | D:8      | Found a deep blue altar of Sif Muna.
 11382 | D:8      | Became a worshipper of Sif Muna the Loreminder
 11996 | D:8      | Noticed a three-headed hydra
 12000 | D:8      | Killed a three-headed hydra
 12000 | D:8      | Reached * piety under Sif Muna
 12000 | D:8      | Reached skill level 14 in Spellcasting
 12062 | D:8      | Gained mutation: You are partially covered in molten scales (AC +1). [potion of beneficial mutation]
 12659 | D:9      | Reached skill level 1 in Armour
 12663 | D:9      | Reached ** piety under Sif Muna
 12937 | D:9      | Found a bloodstained altar of Trog.
 12951 | D:9      | Found a stormy altar of Qazlal.
 13379 | D:9      | Reached XP level 11. HP: 54/54 MP: 28/31
 13958 | D:10     | Entered Level 10 of the Dungeon
 13971 | D:10     | Noticed Nergalle
 13974 | D:10     | Killed Nergalle
 13974 | D:10     | Reached skill level 1 in Charms
 14190 | D:10     | Reached skill level 1 in Shields
 14362 | D:10     | Noticed a hill giant
 14367 | D:10     | Killed a hill giant
 14367 | D:10     | Reached skill level 15 in Spellcasting
 14472 | D:10     | Noticed Psyche
 14472 | D:10     | Noticed a hill giant
 14507 | D:10     | Mangled by Psyche

Skill      XL: |  1  2  3  4  5  6  7  8  9 10 11 |
---------------+----------------------------------+-----
Conjurations   | 5 6 7 8 10 11 13 | 13.4
Spellcasting   | 4 5 6 7 9 11 13 14 15 | 15.0
Armour         | 1 2 |  2.9
Charms         | 1 |  1.7
Shields        | 1 |  1.3
Dodging        | |  2.4
Stealth        | |  2.4

Action                   |  1- 3 |  4- 6 |  7- 9 | 10-12 || total
-------------------------+-------+-------+-------+-------++-------
Melee: Unarmed           |     2 |       |       |       ||     2
       Short sword       |     9 |   282 |     7 |    19 ||   317
 Cast: Magic Dart        |    70 |   148 |   242 |   135 ||   595
       Iskenderun's Myst |       |     2 |    41 |    19 ||    62
       Iskenderun's Batt |       |       |     6 |    38 ||    44
  Use: Scroll            |       |       |       |    14 ||    14
       Potion            |       |       |       |     1 ||     1
 Stab: Sleeping          |     1 |     3 |     2 |       ||     6
  Eat: Chunk             |     3 |    10 |    10 |     7 ||    30
       Beef jerky        |       |     2 |     1 |       ||     3
       Pizza             |       |       |     1 |       ||     1
       Royal jelly       |       |       |     1 |       ||     1
       Meat ration       |       |       |       |     1 ||     1
Armor: Robe              |     2 |    11 |    16 |       ||    29
       Leather armour    |       |       |     1 |    23 ||    24
Dodge: Dodged            |    10 |    27 |    48 |    30 ||   115
Block: Other             |     5 |     1 |     9 |     5 ||    20
       Reflection        |       |       |       |     2 ||     2
       Buckler           |       |       |       |     1 ||     1
